 Dungeon Crawl Stone Soup version 0.31-a0-1591-g515db51633 (webtiles) character file.

Game seed: 5362098216089452340

2218406 Gorgor the Conqueror (level 27, 245/245 HPs)
             Began as a Minotaur Fighter on Jan 6, 2024.
             Was a High Priest of Trog.
             Escaped with the Orb
             ... and 4 runes!
             The game lasted 06:29:45 (77386 turns).

Gorgor the Conqueror (Minotaur Fighter)            Turns: 77386, Time: 06:29:45

Health: 245/245    AC: 35    Str: 43    XL:     27
Magic:  22/22      EV: 29    Int:  4    God:    Trog [*****.]
Gold:   4301       SH: 33    Dex: 18    Spells: 26/26 levels left

rFire   + + +        o - +7 broad axe of Meledis {heavy, rPois rN+ Will+ rCorr}
rCold   + + .        u - +7 tower shield {rC+}
rNeg    + + +        F - +3 plate armour {rF+}
rPois   +            (helmet restricted)
rElec   +            U - +2 cloak
rCorr   +            K - +2 pair of gloves of Xirow {rF+ Str+4}
SInv    +            N - +2 pair of slick slippers {slick, slippery, EV+4}
Will    ++++.        w - amulet "Voly" {Acrobat rN+ Will+ Str+3 SInv}
Stlth   +            P - ring "Diotz" {rF+ rC+ rN+ Int+3 Slay+3}
HPRegen 0.00/turn    Z - ring "Xixatamouc" {rElec Str+5 Dex+6 Slay-4}
MPRegen 0.18/turn

%: random rage (3%), acrobat
@: inhibited regen, glowing, studying Ranged Weapons
A: horns 2, retaliatory headbutt, berserk 1, dopey 2, frail 1, screaming 1,
inhibited regeneration, weak 1, subdued magic 1, inability to drink after injury
1
0: Orb of Zot
}: 4/15 runes: decaying, silver, abyssal, gossamer
a: Renounce Religion, Berserk, Trog's Hand, Brothers in Arms


You escaped.
You worshipped Trog.
Trog was extremely pleased with you.
You visited 12 branches of the dungeon, and saw 56 of its levels.
You visited the Abyss 2 times.
You also visited: Trove, Bailey and Ice Cave.

You collected 9661 gold pieces.
You spent 5360 gold pieces at shops.

Inventory:

Hand Weapons
 g - the +8 broad axe of the Dove {flame, rElec rC- Str+2 Stlth+}
   (You found it on level 5 of the Vaults)

   Str+2:     It affects your strength (+2).
   rC-:       It makes you vulnerable to cold.
   rElec:     It insulates you from electricity.
   Stlth+:    It makes you more stealthy.
 o - the +7 broad axe of Meledis (weapon) {heavy, rPois rN+ Will+ rCorr}
   (Trog gifted it to you on level 1 of the Vaults)

   rPois:     It protects you from poison rN+: It protects you from negative
   energy.
   Will+:     It increases your willpower.
   rCorr:     It protects you from acid and corrosion.
 t - a +1 war axe of holy wrath
 T - a +6 antimagic hand axe
 X - a +8 war axe of venom
Armour
 u - a +7 tower shield of cold resistance (worn)
 F - a +3 plate armour of fire resistance (worn)
 G - the +7 tower shield of Dogma {MP+9}
   (You found it on level 1 of the Depths)

   MP+9:      It affects your magic capacity (+9).
 K - the +2 pair of gloves of Xirow (worn) {rF+ Str+4}
   (You acquired it on level 10 of the Dungeon)

   Str+4:     It affects your strength (+4).
   rF+:       It protects you from fire.
 N - the +2 pair of slick slippers (worn) {slick, slippery, EV+4}
   (You bought it in a shop on level 2 of the Orcish Mines)

   Slick:     Its wearer cannot be constricted, engulfed, netted or webbed.
   Slippery:  Its wearer slips away from damaging melee attacks, pulling the
   attacker onward.
   EV+4:      It affects your evasion (+4).
 U - a +2 cloak (worn)
Jewellery
 e - the ring "Tetesiop" {rPois rCorr}
   (You bought it in a shop on level 3 of the Elven Halls)

   [ring of poison resistance]

   rPois:     It protects you from poison rCorr: It protects you from acid and
   corrosion.
 i - the ring of Papus {*Corrode +Blink rC+++ rN+ Str+6 Dex+3}
   (You found it in a bailey)

   [ring of strength]

   Str+6:     It affects your strength (+6).
   Dex+3:     It affects your dexterity (+3).
   rC+++:     It renders you almost immune to cold.
   rN+:       It protects you from negative energy.
   +Blink:    It lets you blink.
   *Corrode:  It may corrode you when you take damage.
 j - a ring of willpower
 p - the ring of Untruth {rF+ rC+ EV+5}
   (You found it on level 3 of the Crypt)

   [ring of evasion]

   EV+5:      It affects your evasion (+5).
   rF+:       It protects you from fire.
   rC+:       It protects you from cold.
 s - an amulet of reflection
 w - the amulet "Voly" (around neck) {Acrobat rN+ Will+ Str+3 SInv}
   (You bought it in a shop on level 12 of the Dungeon)

   [amulet of the acrobat]

   Acrobat:   It increases your evasion while moving and waiting.
   Str+3:     It affects your strength (+3).
   rN+:       It protects you from negative energy.
   Will+:     It increases your willpower.
   SInv:      It lets you see invisible.
 y - the ring of Springtime {rPois Str+3 Slay+4}
   (You took it off a deep elf pyromancer on level 3 of the Elven Halls)

   [ring of poison resistance]

   Str+3:     It affects your strength (+3).
   Slay+4:    It affects your accuracy & damage with ranged weapons and melee
   (+4).
   rPois:     It protects you from poison
 B - the ring of Ru's Respect {Ice rPois Str+3 Dex-3 Slay+5}
   (You found it in a treasure trove)

   [ring of ice]

   Ice:       It enhances your ice magic.
   Str+3:     It affects your strength (+3).
   Dex-3:     It affects your dexterity (-3).
   Slay+5:    It affects your accuracy & damage with ranged weapons and melee
   (+5).
   rF-:       It makes you vulnerable to fire.
   rC+:       It protects you from cold.
   rPois:     It protects you from poison
 H - a ring of resist corrosion
 L - a ring of flight
 P - the ring "Diotz" (left hand) {rF+ rC+ rN+ Int+3 Slay+3}
   (You bought it in a shop on level 1 of the Elven Halls)

   [ring of protection from cold]

   Int+3:     It affects your intelligence (+3).
   Slay+3:    It affects your accuracy & damage with ranged weapons and melee
   (+3).
   rF+:       It protects you from fire.
   rC+:       It protects you from cold.
   rN+:       It protects you from negative energy.
 Z - the ring "Xixatamouc" (right hand) {rElec Str+5 Dex+6 Slay-4}
   (You found it on level 15 of the Dungeon)

   [ring of dexterity]

   Str+5:     It affects your strength (+5).
   Dex+6:     It affects your dexterity (+6).
   Slay-4:    It affects your accuracy & damage with ranged weapons and melee
   (-4).
   rElec:     It insulates you from electricity.
Wands
 m - a wand of flame (66)
 x - a wand of quicksilver (65)
 z - a wand of iceblast (53)
 D - a wand of charming (47)
 M - a wand of mindburst (13)
Scrolls
 a - 2 scrolls of silence
 b - 15 scrolls of teleportation
 h - 13 scrolls of enchant weapon
 A - 7 scrolls of immolation
 E - 9 scrolls of poison
 J - 2 scrolls of summoning
 O - 4 scrolls of revelation (quivered)
 Q - a scroll of enchant armour
 R - 28 scrolls of identify
 V - 7 scrolls of blinking
 W - 4 scrolls of fear
Potions
 d - 8 potions of might
 f - 9 potions of ambrosia
 k - 2 potions of heal wounds
 n - 6 potions of enlightenment
 v - 24 potions of curing
 C - 4 potions of cancellation
 I - 13 potions of haste
 S - 8 potions of mutation
 Y - 5 potions of resistance
Miscellaneous
 c - a phial of floods
 l - a lightning rod (4/4)
 q - a condenser vane
 r - a phantom mirror


   Skills:
 O Level 27 Fighting
 O Level 27 Axes
 O Level 27 Armour
 + Level 26.0 Dodging
 + Level 15.2 Stealth
 O Level 27 Shields
 - Level 8.8 Evocations


You had 26 spell levels left.
You didn't know any spells.
Your spell library contained the following spells:

 Spells                   Type           Power      Damage    Failure   Level
 Ensorcelled Hibernation  Hex/Ice        0%         N/A       85%         2
 Fugue of the Fallen      Necr           0%         N/A       97%         3
 Anguish                  Hex/Necr       0%         N/A       100%        4
 Ignite Poison            Fire/Alch      0%         N/A       100%        4
 Sticky Flame             Fire/Alch      0%         2d4       100%        4
 Ignition                 Fire           0%         3d3       100%        8


Dungeon Overview and Level Annotations

Branches:
Dungeon (15/15)            Temple (1/1) D:7            Lair (5/5) D:11
  Swamp (4/4) Lair:2       Spider (4/4) Lair:2        Slime (5/5) Lair:4
    Orc (2/2) D:10            Elf (3/3) Orc:2        Vaults (5/5) D:13
  Crypt (3/3) Vaults:3       Tomb (0/3) Crypt:3      Depths (4/4) D:15
    Zot (5/5) Depths:4     Bailey (visited)           IceCv (visited)

Altars:
Ashenzari
Cheibriados
Dithmenos
Elyvilon
Fedhas
Gozag
Hepliaklqana
Kikubaaqudgha
Makhleb
Nemelex Xobeh
Okawaru
Qazlal
Ru
Sif Muna
Trog
Uskayaw
Vehumet
Wu Jian
Xom
Yredelemnul
Zin
The Shining One
Jiyva

Shops:
D:8 (*   D:10 :?   D:12 :=[?   D:14 !   Orc:2 *==[   Elf:1 (=((?   Elf:3 =
Vaults:1 =   Vaults:2 =   Vaults:5 *   Depths:3 ?   Depths:4 :=:

Portals:
Hell: Depths:1 Depths:2 Depths:3 Depths:4
Abyss: Depths:1 Depths:2 Depths:3
Pandemonium: Depths:2
Ziggurat: Depths:1

Annotations:
Slime:5 Royal Jelly
Zot:5 3 runed translucent doors, GrimJard's ghost, legendary HOFi


Innate Abilities, Weirdness & Mutations

You have a pair of horns on your head.
You reflexively headbutt those who attack you in melee.
You sometimes lose your temper in combat.
You are very dopey. (Int -4)
You are frail. (-10% HP)
You occasionally shout uncontrollably at your foes.
You do not regenerate when monsters are visible.
You are weak. (Str -2)
Your spells are a little easier to cast, but a little less powerful.
You occasionally lose the ability to drink potions when taking damage.


Message History

You climb upwards.
There is a stone staircase leading down here.
There is a stone staircase leading up here.
You climb upwards.
There is a stone staircase leading down here. 2 golden eyes come into view.
You yell at the golden eye!
You carve the golden eye like a ham!!!
You kill the golden eye!
Trog accepts your kill. The golden eye blinks at you.
You resist with almost no effort. The golden eye blinks at you.
You resist with almost no effort. The golden eye blinks at you.
You resist with almost no effort. The golden eye blinks at you.
You resist with almost no effort.
You hit the golden eye. Your headbutt misses the golden eye.
The golden eye is moderately wounded.
The golden eye blinks at you. You resist with almost no effort.
You cut the golden eye into ribbons!!!
You kill the golden eye!
Trog accepts your kill.
There is a stone staircase leading up here.
You climb upwards.
There is a stone staircase leading down here.
A hell beast comes into view.
The hell beast moves out of view.
A hell beast is nearby!
You see here a +2 dagger of venom.
A hell beast is nearby!
You carve the hell beast like a ham!!!!
You kill the hell beast!
Trog accepts your kill.
There is an open door here.
An angel comes into view.
It is wielding a +2 sacred scourge of holy wrath.
There is a staircase leading out of the dungeon here.
You have escaped!

##..#####§§≈≈≈≈§#####..##
##.### #§≈≈.§§..≈§§# ###.##
#.## #.......§.§.# ##.# ##.#
######'###### #.# ###.######
####8(8#### #####.##
..#.##≈..###..(......###...##.#
###.#≈≈..##......(....##....#.#
..#.#≈...#)............#....#.#
..#.'≈...'8...(.@...........'.#
#.#.#≈...##............#....#.#
###.#≈≈..##...........##....#.#
#.##≈..###.........###...##.#
##.##### ###8A8#8### #####.##
####.# ######'###### #.#
#.##.## #...........# ##.#
#..##.### #≈≈≈....K≈≈≈# ###.##
..####..#####≈≈§≈≈≈≈#####..##


You could see an angel.

Vanquished Creatures
  2 dread liches
  4 orbs of fire (Zot:5)
  Mara (Vaults:3)
  2 pandemonium lords
  2 juggernauts (Depths:2)
  Boris (Crypt:1)
  Bai Suzhen (Depths:1)
  Parghit (Zot:2)
  6 Killer Klowns
  2 curse toes (Zot:3)
  5 caustic shrikes
  Saint Roka (Vaults:2)
  11 golden dragons
  A bone dragon (Abyss:3)
  Norris (Depths:2)
  2 electric golems
  A Tzitzimitl (Zot:5)
  A pearl dragon (Depths:3)
  A profane servitor (Depths:1)
  Jorgrun (D:13)
  Rupert (D:12)
  19 tentacled monstrosities
  A Hell Sentinel (Depths:3)
  A walking crystal tome (Depths:3)
  15 liches
  2 walking frostbound tomes
  3 walking earthen tomes
  23 Orb Guardians (Zot:5)
  A walking divine tome (Depths:3)
  12 quicksilver dragons
  An Ice Fiend (Depths:3)
  4 titans
  2 deep elf blademasters (Elf:3)
  8 acid blobs
  2 deep elf master archers
  8 sphinxes
  Frances (D:13)
  3 ancient champions
  15 death cobs
  18 storm dragons
  17 shadow dragons
  6 draconian knights
  Aizul (Elf:2)
  8 tengu reavers
  A thorn hunter (Swamp:4)
  A fenstrider witch (Swamp:2)
  7 draconian monks
  4 protean progenitors
  3 revenants
  6 rockslimes
  The ghost of Reshi88 the Unseen, an adept SpHu of Jiyva (Spider:3)
  9 azure jellies
  3 daevas
  9 fire giants
  4 iron dragons
  8 draconian scorchers
  2 emperor scorpions
  4 draconian shifters
  2 juggernaut zombies
  Louise (D:15)
  11 frost giants
  2 balrugs
  14 vault wardens
  11 deep elf sorcerers
  7 ghost moths
  10 draconian annihilators
  8 draconian stormcallers
  2 reapers (IceCv)
  A caustic shrike zombie (Depths:1)
  7 deep elf elementalists
  An angel (Depths:3)
  2 curse skulls (Crypt:1)
  17 ironbound preservers
  3 ghouls
  2 spriggan defenders
  2 cacodemons
  An orc warlord (Vaults:2)
  13 quicksilver oozes
  3 broodmothers
  3 formless jellyfish
  13 stone giants
  An ophan (Depths:3)
  7 very ugly things
  25 vampire knights
  Nessos (D:15)
  14 ironbound thunderhulks
  3 eleionomae
  4 apis
  10 green draconians
  7 deep elf demonologists
  8 deep elf annihilators
  10 deep elf death magi
  6 spark wasps
  5 bunyips
  11 yellow draconians
  15 white draconians
  4 war gargoyles
  4 black draconians
  4 dire elephants (Vaults:2)
  26 purple draconians
  6 red draconians
  7 eidola
  4 crystal guardians
  8 ettins
  Snorg (D:12)
  A mummy priest (Crypt:3)
  15 yaktaur captains
  10 fire dragons
  2 caustic shrike simulacra
  12 deep elf high priests
  4 entropy weavers
  9 jiangshi
  12 ice dragons
  9 great orbs of eyes
  16 hydras
  6 spriggan zombies
  A hell beast (D:1)
  6 peacekeepers
  28 vault guards
  A rakshasa (Depths:4)
  5 two-headed ogres
  7 alligators
  2 ghost crabs (Swamp:2)
  7 jorogumos
  2 spriggan air magi
  3 death knights
  3 ogre magi
  A catoblepas (Lair:5)
  12 ironbound frosthearts
  4 radroaches
  8 centaur warriors
  8 demonic crawlers
  11 death yaks
  8 deep troll earth magi
  31 dancing weapons
  9 deep troll shamans
  14 boulder beetles
  2 orc high priests (Vaults:2)
  8 tengu warriors
  A sphinx skeleton (Depths:1)
  7 death scarabs (Spider:4)
  10 vampire magi
  A titan zombie (Vaults:3)
  A spectral emperor scorpion (Spider:4)
  4 spriggan berserkers
  2 occultists (Depths:1)
  A hell knight (Depths:3)
  2 soul eaters
  4 shadow wraiths
  3 sun demons
  A titan skeleton (Depths:2)
  A wretched star (Abyss:3)
  18 deep elf knights
  7 iron trolls
  Amaemon (Lair:1)
  2 sixfirhies (Zot:1)
  A glowing orange brain (shapeshifter) (Vaults:5)
  An iron giant zombie (Crypt:3)
  7 pharaoh ants
  A bunyip zombie (Crypt:1)
  A cherub (Zot:1)
  A deep troll (shapeshifter) (Depths:3)
  5 skysharks
  4 goliath frogs
  47 skeletal warriors
  A sea snake (shapeshifter) (Vaults:5)
  50 deep trolls
  10 orb spiders
  3 glowing orange brains
  8 arcanists
  A sun moth (Spider:3)
  3 spriggan druids
  15 swamp dragons
  A bunyip skeleton (Crypt:1)
  An orange crystal statue (IceCv)
  6 bog bodies
  An anaconda zombie (Crypt:3)
  An obsidian statue (IceCv)
  3 spriggan simulacra (IceCv)
  9 flayed ghosts
  A spectral wolf spider (Spider:4)
  12 steelbarb worms
  10 orc knights
  24 ironbound convokers
  A lindwurm (shapeshifter) (Elf:3)
  18 phantasmal warriors
  17 deep elf archers
  9 harpies
  An iron dragon zombie (Depths:2)
  2 stone giant zombies
  2 elf skeletons (Vaults:3)
  34 deep elf pyromancers
  10 lindwurms
  2 broodmother zombies (Spider:4)
  21 wolf spiders
  A draconian zombie (Crypt:3)
  37 deep elf zephyrmancers
  4 shining eyes
  33 ugly things
  A frost giant zombie (Depths:2)
  4 orc sorcerers
  4 human zombies
  2 fire giant zombies
  7 necromancers
  A manticore (D:15)
  3 cyclopes
  6 large abominations (Abyss:3)
  4 will-o-the-wisps
  A shadow dragon skeleton (Crypt:3)
  A stone giant skeleton (Crypt:1)
  A salamander (Depths:4)
  4 centaur zombies
  9 meliai
  31 moths of wrath
  3 human skeletons
  13 vault sentinels
  A dire elephant zombie (Crypt:3)
  3 kobold blastminers (Orc:2)
  A rust devil (Depths:2)
  4 black mambas
  8 elephants
  An eye of devastation (Slime:2)
  3 orange demons
  A centaur skeleton (Crypt:2)
  A mana viper zombie (Crypt:3)
  3 smoke demons
  A titan simulacrum (Depths:3)
  2 torpor snails (Spider:2)
  An unseen horror (shapeshifter) (Vaults:3)
  14 cane toads
  5 unseen horrors
  A shock serpent skeleton (Crypt:1)
  11 freezing wraiths
  3 komodo dragons
  A spectral redback (Spider:4)
  An efreet (D:14)
  An anaconda simulacrum (IceCv)
  An unseen horror zombie (Crypt:2)
  A yaktaur (shapeshifter) (Depths:3)
  44 yaktaurs
  5 tengu conjurers
  A redback zombie (Spider:4)
  2 ancient zymes (Abyss:3)
  A golden dragon simulacrum (IceCv)
  13 guardian mummies
  A grey draconian skeleton (Crypt:1)
  2 ice devils (IceCv)
  2 polar bears
  A spriggan skeleton (Depths:1)
  A hellwing (D:8)
  A merfolk (shapeshifter) (Vaults:5)
  3 trolls
  3 jumping spider zombies (Spider:4)
  An alligator simulacrum (IceCv)
  10 hornets
  A harpy skeleton (Crypt:1)
  A death drake zombie (Crypt:3)
  2 spectral culicivoras (Spider:4)
  22 tarantellas
  Grinder (D:4)
  2 harpy zombies (Crypt:3)
  2 spectral tarantellas (Spider:4)
  11 tyrant leeches
  A spectral jumping spider (Spider:4)
  10 blink frogs
  An iron troll skeleton (Crypt:1)
  4 dream sheep (Lair:5)
  A raiju (Abyss:3)
  A culicivora zombie (Spider:4)
  A tarantella zombie (Spider:4)
  An iron dragon simulacrum (Abyss:3)
  2 glass eyes
  A human simulacrum (Vaults:2)
  34 jumping spiders
  An air elemental (Orc:2)
  An ettin skeleton (Vaults:3)
  A centaur simulacrum (Crypt:2)
  A culicivora (shapeshifter) (Vaults:5)
  An ice dragon skeleton (Crypt:2)
  96 slime creatures
  6 spriggans
  A fire dragon skeleton (Crypt:3)
  2 ynoxinuls (Abyss:3)
  4 shadows
  15 culicivoras
  3 vampires
  8 wyverns
  4 water elementals
  19 wraiths
  4 fire bats (Abyss:3)
  13 golden eyes
  8 yaks
  5 fire elementals
  A wind drake zombie (Crypt:2)
  2 neqoxecs (Abyss:3)
  3 wargs
  4 basilisks
  4 minotaur simulacra (IceCv)
  4 steam dragons
  6 chaos spawn
  A harpy simulacrum (IceCv)
  11 vampire mosquitoes
  39 redbacks
  14 swamp worms
  A swamp worm (shapeshifter) (D:13)
  2 acid dragons
  4 small abominations (Abyss:3)
  A demonspawn zombie (Crypt:1)
  A merfolk zombie (Crypt:1)
  12 water moccasins
  2 ogre skeletons
  3 black bears
  38 orc warriors
  A deep troll skeleton (Crypt:3)
  An ice beast (D:5)
  9 swamp drakes
  A sky beast (D:7)
  2 manticore zombies (Crypt:2)
  An ettin simulacrum (IceCv)
  18 wolves
  22 laughing skulls
  3 ogres
  18 centaurs
  A blink frog skeleton (Crypt:1)
  A rime drake zombie (Crypt:2)
  A phantom (D:7)
  A kobold brigand (D:9)
  A brain worm (Abyss:3)
  9 bullfrogs
  A komodo dragon skeleton (Crypt:1)
  3 scorpions (D:7)
  2 earth elementals
  A glowing shapeshifter simulacrum (Depths:3)
  A necrophage (Crypt:2)
  3 deep troll simulacra (IceCv)
  9 wights
  A water moccasin skeleton (Crypt:2)
  3 killer bees (D:8)
  A lindwurm simulacrum (IceCv)
  12 howler monkeys
  2 electric eels
  2 bombardier beetles
  4 hounds
  6 jellies
  Crazy Yiuf (D:4)
  18 orc priests
  4 starcursed masses (Abyss:3)
  A basilisk zombie (Crypt:3)
  A sleepcap (D:5)
  Jessica (D:3)
  A boggart zombie (D:12)
  5 iguanas
  Ijyb (D:4)
  25 orc wizards
  2 hell rats (Lair:1)
  5 mummies (Crypt:1)
  Robin (D:3)
  A gnoll (D:1)
  A howler monkey skeleton (Crypt:2)
  12 adders
  5 river rats (Lair:1)
  A steam dragon zombie (Crypt:3)
  A swamp drake skeleton (Crypt:1)
  A steam dragon skeleton (Crypt:3)
  5 white imps
  2 ufetubi (Abyss:3)
  An iguana skeleton (Crypt:3)
  4 dart slugs
  4 ribbon worms
  92 orcs
  6 bats
  5 endoplasms
  2 giant cockroaches
  21 goblins
  7 hobgoblins
  5 kobolds
  4 quokkas
  7 ball pythons
  5 frilled lizards
  A quokka zombie (Crypt:2)
  12 rats
  An aspiring flesh (Zot:1)
  A lurking horror (Abyss:3)
2485 creatures vanquished.

Vanquished Creatures (collateral kills)
  A quicksilver dragon (Zot:3)
  A draconian scorcher (Zot:3)
  A green draconian (Zot:3)
  2 purple draconians (Zot:3)
  A moth of wrath (Zot:3)
6 creatures vanquished.

Vanquished Creatures (others)
  A quicksilver dragon (Zot:2)
  A storm dragon (Zot:2)
  A draconian knight (Zot:3)
  A stone giant (Vaults:5)
  A red draconian (Depths:4)
  2 ettins
  A vault guard (Vaults:5)
  2 deep elf knights (Elf:2)
  A goliath frog (Swamp:2)
  A deep elf zephyrmancer (Depths:3)
  A rust devil (Depths:2)
  An orange demon (Depths:2)
  A yaktaur (Vaults:5)
  A bloated husk (Swamp:1)
  A tyrant leech (Swamp:2)
  A spriggan (Depths:1)
  A jumping spider (Spider:3)
  A fire bat (Abyss:3)
  3 chaos spawn (Abyss:3)
  2 swamp worms
  A small abomination (Depths:2)
  20 foxfires
46 creatures vanquished.

Grand Total: 2537 creatures vanquished

Notes
Turn   | Place    | Note
-------+----------+-------------------------------------------
     0 | D:1      | Gorgor the Minotaur Fighter began the quest for the Orb.
     0 | D:1      | Reached XP level 1. HP: 19/19 MP: 0/0
    52 | D:1      | Reached XP level 2. HP: 22/27 MP: 1/1
   445 | D:1      | Reached XP level 3. HP: 30/33 MP: 2/2
   785 | D:2      | Reached XP level 4. HP: 39/40 MP: 3/3
  1413 | D:3      | Noticed Jessica
  1424 | D:3      | Killed Jessica
  1427 | D:3      | Reached XP level 5. HP: 47/47 MP: 4/4
  1452 | D:3      | Noticed Robin
  1463 | D:3      | Killed Robin
  1856 | D:3      | Found a broken altar of Ashenzari.
  1860 | D:3      | Saw a vision of the Swamp and the Spider Nest.
  1860 | D:3      | Noticed a goliath frog
  1860 | D:3      | Noticed an alligator
  1860 | D:3      | Noticed an eleionoma
  1860 | D:3      | Noticed an alligator
  1860 | D:3      | Noticed a tarantella
  1860 | D:3      | Noticed a steelbarb worm
  1860 | D:3      | Noticed a culicivora
  1860 | D:3      | Noticed an entropy weaver
  1860 | D:3      | Noticed a steelbarb worm
  1860 | D:3      | Noticed a steelbarb worm
  1860 | D:3      | Noticed a pharaoh ant
  1860 | D:3      | Noticed a jumping spider
  1860 | D:3      | Noticed a radroach
  1860 | D:3      | Noticed a redback
  1861 | D:3      | Noticed a demonic crawler
  1861 | D:3      | Noticed a wolf spider
  1861 | D:3      | Noticed a demonic crawler
  1861 | D:3      | Noticed a demonic crawler
  1862 | D:3      | Noticed an entropy weaver
  2356 | D:4      | Found a runed translucent door.
  2357 | D:4      | Noticed Crazy Yiuf
  2363 | D:4      | Killed Crazy Yiuf
  2364 | D:4      | Reached skill level 5 in Armour
  2555 | D:4      | You fall into a shaft and drop 2 floors!
  2573 | D:6      | Found a shadowy altar of Dithmenos.
  2663 | D:5      | Entered Level 5 of the Dungeon
  2669 | D:5      | Reached skill level 5 in Shields
  2725 | D:5      | Reached skill level 5 in Fighting
  2725 | D:5      | Reached XP level 6. HP: 54/56 MP: 5/5
  2858 | D:4      | Noticed Grinder
  2874 | D:4      | Killed Grinder
  2875 | D:4      | Reached skill level 5 in Axes
  2875 | D:4      | Reached XP level 7. HP: 45/62 MP: 6/6
  2961 | D:4      | Noticed Ijyb
  2969 | D:4      | Killed Ijyb
  3811 | D:5      | Reached XP level 8. HP: 67/71 MP: 7/7
  4901 | D:7      | Found a flagged portal.
  4911 | Bailey   | Entered a bailey
  5189 | Bailey   | Noticed an orc knight
  5217 | Bailey   | Reached XP level 9. HP: 35/81 MP: 8/8
  5401 | Bailey   | Killed an orc knight
  5422 | Bailey   | Identified the ring of Papus {*Corrode +Blink rC+++ rN+
                  | Str+6 Dex+3}
  5828 | D:7      | Found a staircase to the Ecumenical Temple.
  5838 | Temple   | Entered the Ecumenical Temple
  5896 | Temple   | Became a worshipper of Trog the Wrathful
  5927 | D:7      | Found a stormy altar of Qazlal.
  6012 | D:7      | Noticed a cyan ugly thing
  6018 | D:7      | Killed a cyan ugly thing
  6666 | D:8      | Found Xalueci's General Store.
  6676 | D:8      | Bought a +0 pair of boots for 67 gold pieces
  6951 | D:8      | Reached XP level 10. HP: 90/91 MP: 9/9
  6965 | D:8      | Found Voizorure's Firing Range.
  7627 | D:8      | Reached * piety under Trog
  8148 | D:9      | Found an iron altar of Okawaru.
  8419 | D:9      | Reached skill level 10 in Armour
  8531 | D:9      | Reached skill level 10 in Fighting
  8531 | D:9      | Reached skill level 10 in Shields
  8901 | D:10     | Entered Level 10 of the Dungeon
  9053 | D:10     | Noticed a two-headed ogre
  9058 | D:10     | Killed a two-headed ogre
  9059 | D:10     | Reached skill level 10 in Axes
  9152 | D:10     | Found an opulent altar of Gozag.
  9155 | D:10     | Found an ancient bone altar of Kikubaaqudgha.
  9160 | D:10     | Found a glowing golden altar of the Shining One.
  9651 | D:10     | Found Benat's Magic Scroll Shop.
  9655 | D:10     | Reached skill level 1 in Dodging
  9664 | D:10     | Bought a scroll of acquirement for 728 gold pieces
  9664 | D:10     | Acquired a manual of Dodging
  9671 | D:10     | Acquired the +2 pair of gloves of Xirow {rF+ Str+4}
  9786 | D:10     | Found a staircase to the Orcish Mines.
  9786 | D:10     | Found Esoh's Self-Improvement Boutique.
  9892 | Orc:1    | Entered Level 1 of the Orcish Mines
 10015 | D:11     | Noticed a cyclops
 10019 | D:11     | Killed a cyclops
 10090 | D:11     | Reached XP level 11. HP: 101/101 MP: 10/10
 10091 | D:11     | Reached ** piety under Trog
 10144 | D:11     | Noticed a two-headed ogre
 10148 | D:11     | Killed a two-headed ogre
 10179 | D:11     | Found a staircase to the Lair.
 10281 | D:11     | Noticed a deep elf pyromancer
 10292 | D:11     | Killed a deep elf pyromancer
 10323 | Lair:1   | Entered Level 1 of the Lair of Beasts
 10633 | D:11     | Noticed a two-headed ogre
 10642 | D:11     | Killed a two-headed ogre
 10643 | D:11     | Reached skill level 5 in Dodging
 11069 | D:12     | Noticed a deep elf pyromancer
 11087 | D:12     | Killed a deep elf pyromancer
 11563 | D:12     | Noticed a boulder beetle
 11572 | D:12     | Killed a boulder beetle
 11623 | D:12     | Noticed Snorg
 11636 | D:12     | Killed Snorg
 11945 | D:12     | Noticed a boulder beetle
 11950 | D:12     | Noticed a skeletal warrior
 11957 | D:12     | Noticed a skeletal warrior
 11958 | D:12     | Noticed a skeletal warrior
 11970 | D:12     | Killed a skeletal warrior
 11971 | D:12     | Reached XP level 12. HP: 38/112 MP: 11/11
 12552 | Lair:1   | Reached *** piety under Trog
 12861 | Lair:1   | Noticed Amaemon
 12868 | Lair:1   | Killed Amaemon
 12966 | Lair:1   | Identified the +1 cloak "Sodazx Xowip" {Will- Str+6 Int+3}
 13555 | Lair:2   | Found a hole to the Spider Nest.
 13593 | Lair:2   | Found a glowing silver altar of Zin.
 13795 | Lair:2   | Found a staircase to the Swamp.
 13797 | Lair:2   | Noticed an eight-headed hydra
 13804 | Lair:2   | Killed an eight-headed hydra
 14471 | Lair:3   | Reached skill level 10 in Dodging
 15311 | Lair:4   | Reached XP level 13. HP: 80/122 MP: 12/12
 15312 | Lair:4   | Reached **** piety under Trog
 15681 | Lair:4   | Found a staircase to the Slime Pits.
 15682 | Lair:4   | Found a viscous altar of Jiyva.
 15771 | Lair:4   | Identified the +0 scale mail of Voxoajan {Harm rF+ Stlth+}
 16302 | Lair:5   | Entered Level 5 of the Lair of Beasts
 16545 | Lair:5   | Found a burning altar of Makhleb.
 18430 | Orc:2    | Entered Level 2 of the Orcish Mines
 18440 | Orc:2    | Reached ***** piety under Trog
 18532 | Orc:1    | Reached XP level 14. HP: 73/132 MP: 13/13
 18851 | Orc:1    | Received a gift from Trog
 19186 | Orc:2    | Found Moloteta's Jewellery Emporium.
 19186 | Orc:2    | Found Yrphagge's Jewellery Boutique.
 19188 | Orc:2    | Found Maetoddi's General Store.
 19190 | Orc:2    | Found Gaun's Armour Shoppe.
 19437 | Orc:2    | Found a staircase to the Elven Halls.
 19944 | Elf:1    | Entered Level 1 of the Elven Halls
 20000 | Orc:2    | Bought the +2 pair of slick slippers {slick, slippery,
                  | EV+4} for 405 gold pieces
 20000 | Orc:2    | Found the +2 pair of slick slippers {slick, slippery, EV+4}
 20116 | D:10     | Bought a scroll of enchant armour for 105 gold pieces
 20282 | D:12     | Noticed Rupert
 20486 | D:12     | Killed Rupert
 20804 | D:12     | Found Nidaoxt's Book Shoppe.
 20808 | D:12     | Found Azitet's Antique Armour Shoppe.
 20808 | D:12     | Found Qeps's Jewellery Shoppe.
 20808 | D:12     | Found Erikoof's Magic Scroll Shoppe.
 20834 | D:12     | Bought the amulet "Voly" {Acrobat rN+ Will+ Str+3 SInv} for
                  | 744 gold pieces
 21238 | D:13     | Noticed Frances
 21250 | D:13     | Killed Frances
 21251 | D:13     | Reached skill level 15 in Armour
 21603 | D:13     | Reached skill level 15 in Fighting
 21621 | D:13     | Noticed Jorgrun
 21634 | D:13     | Reached skill level 15 in Shields
 21635 | D:13     | Killed Jorgrun
 21687 | D:13     | Reached skill level 15 in Axes
 21730 | D:13     | Reached ****** piety under Trog
 21744 | D:13     | Found a gate to the Vaults.
 22241 | D:14     | Received a gift from Trog
 22471 | D:14     | Reached XP level 15. HP: 141/141 MP: 14/14
 22923 | D:14     | Found Uhatukim's Distillery.
 22971 | D:15     | Entered Level 15 of the Dungeon
 22971 | D:15     | Noticed Louise
 22992 | D:15     | Killed Louise
 23013 | D:15     | Identified the ring "Xixatamouc" {rElec Str+5 Dex+6 Slay-4}
 23322 | D:15     | Noticed Nessos
 23339 | D:15     | Killed Nessos
 23340 | D:15     | Reached skill level 1 in Evocations
 23503 | D:15     | Found a staircase to the Depths.
 23771 | Spider:1 | Entered Level 1 of the Spider Nest
 23783 | Spider:1 | Reached skill level 15 in Dodging
 25087 | Spider:2 | Received a gift from Trog
 25169 | Spider:2 | Found a transporter.
 25173 | Spider:2 | Found a transporter.
 25216 | Spider:2 | Got the +0 pair of boots "Guysew" {^Contam Harm rF+++ rN+}
 25499 | Spider:2 | Reached XP level 16. HP: 125/152 MP: 15/15
 26060 | Spider:3 | Noticed Reshi88's ghost (adept SpHu)
 26060 | Spider:3 | Found a runed translucent gate.
 26060 | Spider:3 | Found a runed translucent gate.
 26077 | Spider:3 | Identified the +7 battleaxe "Hubby" {antimagic, rPois Str+3
                  | Int-2} (Trog gifted it to you on level 3 of the Spider
                  | Nest)
 26077 | Spider:3 | Received a gift from Trog
 26163 | Spider:3 | Found a frozen archway.
 26177 | IceCv    | Entered an ice cave
 26434 | IceCv    | Reached skill level 5 in Evocations
 27083 | Spider:3 | Identified the +0 ring mail of the Sun {rF+}
 27095 | Spider:3 | Found a runed translucent gate.
 27174 | Spider:3 | Killed Reshi88's ghost
 27758 | Spider:4 | Entered Level 4 of the Spider Nest
 28111 | Spider:4 | Received a gift from Trog
 28452 | Spider:4 | Reached XP level 17. HP: 138/161 MP: 16/16
 29231 | Spider:4 | Got a gossamer rune of Zot
 29601 | Elf:1    | Paralysed by an air elemental for 1 turns
 29962 | Elf:1    | Found Ocsua's Jewellery Boutique.
 30098 | Elf:1    | Received a gift from Trog
 30242 | Elf:1    | Found a transporter.
 30244 | Elf:1    | Found Zyehi's Antique Weapon Boutique.
 30246 | Elf:1    | Found a transporter.
 30253 | Elf:1    | Bought an ancient hand axe for 288 gold pieces
 30253 | Elf:1    | Identified the +7 hand axe "Waalepn" {freeze, *Rage rF+++
                  | Dex-5 SInv} (You bought it in a shop on level 1 of the
                  | Elven Halls)
 30365 | Elf:1    | Found Othel's Antique Weapon Shop.
 30372 | Elf:1    | Bought a glowing war axe for 162 gold pieces
 30674 | Elf:1    | Found Upoloic's Magic Scroll Boutique.
 30861 | Elf:1    | Found Mal Hath's Antique Weapon Boutique.
 31458 | D:10     | Bought a manual of Axes for 1200 gold pieces
 32055 | Elf:2    | Found The Oracle's Delphic Readings.
 32145 | Elf:2    | Received a gift from Trog
 32146 | Abyss:2  | Cast into level 2 of the Abyss (a deep elf demonologist)
 32192 | Abyss:2  | Found a corrupted altar of Lugonu.
 32312 | Abyss:3  | Noticed a bone dragon
 32324 | Abyss:3  | Noticed a lich
 32326 | Abyss:3  | Killed a bone dragon
 32332 | Abyss:3  | Killed a lich
 32451 | Abyss:3  | Found a corrupted altar of Lugonu.
 32475 | Abyss:3  | Noticed a lich
 32493 | Abyss:3  | Killed a lich
 32494 | Abyss:3  | Reached XP level 18. HP: 92/172 MP: 17/17
 32549 | Abyss:3  | Gained mutation: You are dopey. (Int -2) [a neqoxec]
 32559 | Abyss:3  | Found a corrupted altar of Lugonu.
 32634 | Elf:2    | Escaped the Abyss
 32909 | Elf:2    | Identified the +4 executioner's axe "Nuxuofah" {flame,
                  | Dex+5} (Trog gifted it to you on level 2 of the Elven
                  | Halls)
 32909 | Elf:2    | Received a gift from Trog
 32964 | Elf:2    | Identified the serpent talisman "Nelij" {rElec rCorr}
 32964 | Elf:2    | Noticed Aizul
 32978 | Elf:2    | Killed Aizul
 33228 | Elf:2    | Found a runed translucent gate.
 33228 | Elf:2    | Found a runed translucent gate.
 33228 | Elf:2    | Found a runed translucent gate.
 34762 | Elf:3    | Entered Level 3 of the Elven Halls
 34811 | Elf:3    | Received a gift from Trog
 35006 | Elf:3    | Found Acli's Jewellery Shop.
 35012 | Elf:3    | Bought the ring "Tetesiop" {rPois rCorr} for 456 gold
                  | pieces
 35659 | Elf:3    | Noticed an Ice Fiend
 36397 | Elf:3    | Identified the +7 falchion of Cyung {drain, Str-5 Int+3
                  | SInv}
 36983 | Elf:3    | Identified an amulet of the Demonic Tangerine {RegenMP rC-
                  | Will+ Regen+ Int+2 Dex+4}
 37005 | Elf:3    | Identified the ring of Springtime {rPois Str+3 Slay+4}
 37405 | Elf:3    | Reached XP level 19. HP: 162/182 MP: 18/18
 37414 | Elf:3    | Received a gift from Trog
 38298 | Vaults:1 | Entered Level 1 of the Vaults
 38904 | Vaults:1 | Found a portal to a secret trove of treasure.
 39149 | Vaults:1 | Identified the +7 broad axe of Meledis {heavy, rPois rN+
                  | Will+ rCorr} (Trog gifted it to you on level 1 of the
                  | Vaults)
 39149 | Vaults:1 | Received a gift from Trog
 39595 | Vaults:1 | Found Fuhoi's Jewellery Shoppe.
 40000 | Vaults:2 | Found Soiw Daehie's Jewellery Shoppe.
 40024 | Vaults:2 | Noticed Saint Roka
 40047 | Vaults:2 | Killed Saint Roka
 40379 | Vaults:2 | Received a gift from Trog
 41309 | Vaults:2 | Received a gift from Trog
 41751 | Vaults:3 | Reached XP level 20. HP: 179/195 MP: 19/19
 41877 | Vaults:3 | Noticed Mara
 41884 | Vaults:3 | Noticed Gorgor's illusion
 41915 | Vaults:3 | Killed Mara
 42716 | Vaults:3 | Found a staircase to the Crypt.
 42821 | Vaults:3 | Received a gift from Trog
 43644 | Vaults:4 | Received a gift from Trog
 44095 | Vaults:4 | Received a gift from Trog
 45125 | Swamp:1  | Entered Level 1 of the Swamp
 45778 | Swamp:2  | Received a gift from Trog
 45809 | Swamp:2  | Reached XP level 21. HP: 178/209 MP: 20/20
 46163 | Swamp:2  | Found a shadowy altar of Dithmenos.
 47067 | Swamp:4  | Entered Level 4 of the Swamp
 47197 | Swamp:4  | Received a gift from Trog
 47684 | Swamp:4  | Got a decaying rune of Zot
 48818 | Slime:1  | Entered Level 1 of the Pits of Slime
 49352 | Slime:2  | Identified the +5 war axe "Taufienk" {heavy, rF+ Str+2}
                  | (Trog gifted it to you on level 2 of the Pits of Slime)
 49352 | Slime:2  | Received a gift from Trog
 50276 | Slime:4  | Identified the +7 hand axe of the Hills {flame, Str+2}
                  | (Trog gifted it to you on level 4 of the Pits of Slime)
 50276 | Slime:4  | Received a gift from Trog
 50334 | Slime:5  | Entered Level 5 of the Pits of Slime
 50362 | Slime:5  | Noticed the Royal Jelly
 50381 | Slime:5  | Reached XP level 22. HP: 214/223 MP: 21/21
 50401 | Slime:4  | Paralysed by a formless jellyfish for 1 turns
 50800 | Depths:1 | Entered Level 1 of the Depths
 50832 | Depths:1 | Noticed Bai Suzhen
 50839 | Depths:1 | Killed Bai Suzhen
 50921 | Depths:1 | Received a gift from Trog
 51014 | Depths:1 | Found a one-way gateway to a ziggurat.
 51109 | Depths:1 | Found a one-way gate to the infinite horrors of the Abyss.
 51418 | Depths:1 | Acquired a +1 war axe of holy wrath
 51603 | Depths:1 | Found a gateway to Hell.
 51917 | Depths:1 | Identified the +7 tower shield of Dogma {MP+9}
 52181 | Depths:2 | Found a one-way gate leading to the halls of Pandemonium.
 52227 | Depths:2 | Received a gift from Trog
 52318 | Depths:2 | Noticed a juggernaut
 52324 | Depths:2 | Noticed Norris
 52705 | Depths:2 | Killed a juggernaut
 52779 | Depths:2 | Killed Norris
 52889 | Depths:2 | Received a gift from Trog
 52921 | Depths:2 | Noticed a juggernaut
 52931 | Depths:2 | Killed a juggernaut
 53076 | Depths:2 | Identified the +1 chain mail "Fehea" {Dex+3}
 53529 | Depths:3 | Noticed a caustic shrike
 53529 | Depths:3 | Noticed a caustic shrike
 53530 | Depths:3 | Noticed a caustic shrike
 53531 | Depths:3 | Noticed a caustic shrike
 53541 | Depths:2 | Killed a caustic shrike
 53541 | Depths:2 | Killed a caustic shrike
 53542 | Depths:2 | Reached XP level 23. HP: 178/234 MP: 22/22
 53544 | Depths:2 | Killed a caustic shrike
 53714 | Depths:3 | Killed a caustic shrike
 53736 | Depths:3 | Identified the +3 tower shield "Esosid" {rC+ Str+2 SInv}
 53978 | Depths:3 | Received a gift from Trog
 54694 | Depths:3 | Noticed a caustic shrike
 54703 | Depths:3 | Killed a caustic shrike
 54763 | Depths:3 | Found Imusugie's Magic Scroll Shop.
 54773 | Depths:3 | Bought a scroll of enchant armour for 150 gold pieces
 54944 | Depths:3 | Received a gift from Trog
 55079 | Depths:3 | Identified the staff of Past Mistakes {rPois rF+ rC++ Dex-3
                  | SInv Fire}
 55496 | Depths:3 | Noticed a dread lich
 55508 | Depths:3 | Killed a dread lich
 55661 | Depths:4 | Entered Level 4 of the Depths
 55670 | Depths:4 | Identified the +5 leather armour "Fatak" {rCorr}
 55738 | Depths:4 | Reached skill level 1 in Stealth
 55847 | Depths:4 | Found a shimmering blue altar of Sif Muna.
 56421 | Vaults:5 | Entered Level 5 of the Vaults
 56560 | Vaults:5 | Identified the +0 glaive of Burning Extinguishment {freeze,
                  | ^Fragile Fly rF++ Str+3}
 56566 | Vaults:5 | Reached XP level 24. HP: 154/245 MP: 22/22
 56567 | Vaults:5 | Identified an amulet of Turu {RegenMP rC- Int+6}
 56836 | Vaults:5 | Received a gift from Trog
 56837 | Vaults:5 | Reached skill level 5 in Stealth
 57434 | Vaults:5 | Received a gift from Trog
 57519 | Vaults:5 | Identified the +4 plate armour "Piuli" {Harm rElec Int-2}
 57528 | Vaults:5 | Identified the +9 lajatang "Sufri Ery" {protect, rN+}
 57574 | Vaults:5 | Identified the +9 short sword of Sullegod {freeze, rPois
                  | rF++ rC- Will+}
 57686 | Vaults:5 | Identified the +8 broad axe of the Dove {flame, rElec rC-
                  | Str+2 Stlth+}
 57723 | Vaults:5 | Identified the staff "Ezoeruwn" {rElec Fire Air}
 57731 | Vaults:5 | Got a silver rune of Zot
 57766 | Vaults:5 | Found Omposy's General Store.
 57948 | Vaults:5 | Identified the +1 leather armour of Xom's Vengeance
                  | {Rampage Will+}
 59136 | Depths:1 | Voluntarily entered the Abyss.
 59195 | Abyss:3  | Got an abyssal rune of Zot
 59324 | Depths:1 | Escaped the Abyss
 59602 | Vaults:1 | You showed the abyssal rune of Zot to enter a treasure
                  | trove
 59602 | Vaults:1 | You showed the abyssal rune of Zot to enter a treasure
                  | trove
 59602 | Vaults:1 | You showed the abyssal rune of Zot to enter a treasure
                  | trove
 59602 | Vaults:1 | You showed the abyssal rune of Zot to enter a treasure
                  | trove
 59603 | Trove    | Entered a treasure trove
 59634 | Trove    | Identified the ring of Ru's Respect {Ice rPois Str+3 Dex-3
                  | Slay+5}
 59665 | Trove    | Identified the +1 ring mail "Piotuxta" {rC- Regen+ Dex+6
                  | Stlth+}
 59925 | Crypt:1  | Entered Level 1 of the Crypt
 60304 | Crypt:1  | Received a gift from Trog
 60908 | Crypt:1  | Noticed Boris
 60925 | Crypt:1  | Killed Boris
 61283 | Crypt:1  | Identified the +3 war axe "Alouclinn" {venom, Will- Dex+6}
 62188 | Crypt:2  | Received a gift from Trog
 62746 | Crypt:3  | Entered Level 3 of the Crypt
 62756 | Crypt:3  | Reached XP level 25. HP: 251/255 MP: 22/22
 63103 | Crypt:3  | Received a gift from Trog
 63185 | Crypt:3  | Found an ancient bone altar of Kikubaaqudgha.
 63427 | Crypt:3  | Identified the ring of Untruth {rF+ rC+ EV+5}
 63539 | Crypt:3  | Received a gift from Trog
 63739 | Crypt:3  | Reached skill level 10 in Stealth
 63965 | Crypt:3  | Found an ancient bone altar of Kikubaaqudgha.
 64218 | Crypt:3  | Found a staircase to the Tomb.
 67041 | Elf:1    | Bought the ring "Diotz" {rF+ rC+ rN+ Int+3 Slay+3} for 1055
                  | gold pieces
 67555 | Depths:4 | Reached skill level 27 in Fighting
 67971 | Depths:4 | Found a gate to the Realm of Zot.
 68314 | Depths:4 | Found Jusaly's Book Shoppe.
 68314 | Depths:4 | Found Wewovywn's Jewellery Boutique.
 68315 | Depths:4 | Found Ogaxtoesch's Book Shoppe.
 68543 | Zot:1    | Entered Level 1 of the Realm of Zot
 68689 | Zot:1    | Received a gift from Trog
 68871 | Zot:1    | Reached skill level 27 in Axes
 69126 | Zot:1    | Gained mutation: You do not regenerate when monsters are
                  | visible. [mutagenic glow]
 69141 | Zot:1    | Gained mutation: You are frail. (-10% HP) [mutagenic glow]
 69155 | Zot:1    | Gained mutation: Your spells are a little easier to cast,
                  | but a little less powerful. [mutagenic glow]
 70120 | Zot:2    | Noticed Parghit
 70131 | Zot:2    | Killed Parghit
 70150 | Zot:2    | Reached XP level 26. HP: 131/239 MP: 22/22
 70831 | Zot:2    | Received a gift from Trog
 72514 | Zot:3    | Received a gift from Trog
 72608 | Zot:3    | Identified the +0 chain mail of Waycsix {rPois}
 73160 | Zot:3    | HP: 10/239 [purple draconian stormcaller/divine providence
                  | (10)]
 73166 | Zot:3    | HP: 1/239 [purple draconian stormcaller/divine providence
                  | (11)]
 73174 | Zot:3    | HP: 7/239 [purple draconian stormcaller/divine providence
                  | (12)]
 73178 | Zot:3    | HP: 2/239 [lindwurm/blast of flame[a purple draconian
                  | stormcaller] (5)]
 73189 | Zot:3    | HP: 9/239 [death drake][a purple draconian stormcaller]
                  | (9)]
 74362 | Zot:4    | Received a gift from Trog
 74646 | Zot:4    | Identified the +2 flail "Orb Guardian's Regret" {spect, rF+
                  | Int+4}
 75286 | Zot:5    | Entered Level 5 of the Realm of Zot
 75296 | Zot:5    | Noticed GrimJard's ghost (legendary HOFi)
 75319 | Zot:5    | Found a runed translucent gate.
 75320 | Zot:5    | Found a runed translucent gate.
 75320 | Zot:5    | Found a runed translucent gate.
 75367 | Zot:5    | Reached XP level 27. HP: 245/245 MP: 22/22
 75960 | Zot:5    | Noticed a dread lich
 75974 | Zot:5    | Killed a dread lich
 75995 | Zot:5    | Noticed an orb of fire
 76158 | Zot:5    | Reached skill level 27 in Armour
 76186 | Zot:5    | Gained mutation: You are weak. (Str -2) [an orb of fire]
 76190 | Zot:5    | Gained mutation: You sometimes lose your temper in combat.
                  | [an orb of fire]
 76191 | Zot:5    | Killed an orb of fire
 76381 | Zot:5    | Received a gift from Trog
 76410 | Zot:5    | Reached skill level 27 in Shields
 76504 | Zot:5    | Got the Orb of Zot
 76516 | Zot:5    | Noticed an orb of fire
 76520 | Zot:5    | Noticed an orb of fire
 76522 | Zot:5    | Gained mutation: You are very dopey. (Int -4) [an orb of
                  | fire]
 76524 | Zot:5    | Noticed an orb of fire
 76527 | Zot:5    | Killed an orb of fire
 76529 | Zot:5    | Gained mutation: You occasionally lose the ability to drink
                  | potions when taking damage. [an orb of fire]
 76533 | Zot:5    | Killed an orb of fire
 76536 | Zot:5    | Killed an orb of fire
 76646 | Zot:3    | Noticed Geceutz the pandemonium lord
 76666 | Zot:2    | Killed Geceutz the pandemonium lord
 76704 | Zot:1    | Noticed Ucyxin the pandemonium lord
 76713 | Zot:1    | Reached skill level 15 in Stealth
 76798 | Zot:1    | Killed Ucyxin the pandemonium lord
 76846 | Zot:1    | Gained mutation: You occasionally shout uncontrollably at
                  | your foes. [a cacodemon]
 77016 | Depths:2 | Noticed Titum the pandemonium lord
 77158 | D:11     | Noticed Ynnots the pandemonium lord
 77386 | D:$      | Escaped with the Orb!

Illustrated notes

Levels and vault maps discovered:
D:1:      dpeg_arrival_morbid_curiosity, layout_rooms, minmay_pentomino_w2
D:2:      layout_basic
D:3:      layout_basic, grunt_ashenzari_visionary
          [grunt_ashenzari_visionary_swamp, grunt_ashenzari_visionary_spider],
          uniq_jessica, uniq_robin
D:4:      layout_cave_pods, uniq_ijyb, uniq_grinder, uniq_crazy_yiuf_cottage
D:5:      layout_cave_pools
D:6:      layout_basic, nicolae_dithmenos_the_darkroom
D:7:      minmay_the_grid_square_5x5_3x3 [minmay_the_grid_square_5x5_corner,
          minmay_the_grid_square_5x5_doubleslash,
          minmay_the_grid_square_5x5_comb, minmay_the_grid_square_5x5_minibox,
          minmay_the_grid_square_5x5_megaprize_hollow,
          minmay_the_grid_square_5x5_tri_point,
          minmay_the_grid_square_5x5_almost_minimal,
          minmay_the_grid_square_5x5_spiral,
          minmay_the_grid_square_5x5_beaten_path], layout_basic,
          mainiacjoe_overflow_paths, minmay_temple_entry_hall, enter_bailey_2
D:8:      layout_layer_cave, serial_shops, nicolae_shop_waterfront,
          nicolae_shop_firing_range
D:9:      layout_basic, old_standard_altar, kennysheep_generic_room_3
D:10:     layout_roguey, grunt_temple_overflow_diamond, orc_0_dummy,
          serial_shops, nicolae_lakefront_shop, serial_library_hellmonk_u_bend,
          minmay_holes, nicolae_lava_and_water, nicolae_shop_self_help
D:11:     layout_basic, minmay_lair_entry_grove
D:12:     layout_loops_ring, serial_undead, serial_undead_c, serial_undead_b,
          serial_undead_b, serial_undead_f, minmay_shop_grid_forest,
          uniq_rupert, uniq_snorg
D:13:     layout_loops_ring, david_vaults_5, uniq_jorgrun, uniq_frances
D:14:     layout_roguey, hangedman_decor_push, serial_shops,
          nicolae_shop_pleasant_corner_grove, serial_glass, glass_columns_a,
          glass_columns_c, due_unseen_surprise, item_on_display_a
D:15:     grunt_enter_depths_snipers, layout_rooms, hangedman_decor_growths,
          uniq_louise, uniq_nessos
Temple:   nicolae_temple_superstar
Lair:1:   layout_roguey, kennysheep_abandoned_house, uniq_amaemon
Lair:2:   layout_chaotic_city, palyth_hydra_swamp_entry, dummy_spider_entry,
          basic_altar
Lair:3:   minmay_lair_venomous_thicket, layout_long_grid
Lair:4:   layout_gridlike, slime_entry_1, serial_bayou_pond_a,
          hangedman_lair_unloving_vines, chequers_serial_rivers_room_b,
          forest_entry_grove
Lair:5:   grunt_lair_end_beastmaster, layout_regular_city, basic_altar,
          eino_small_chamber_without_monster, minivault_26,
          infiniplex_staircase_pool
Swamp:1:  layout_basic_swamp, evilmike_swamp_ruin_rubble_2, swamp_pool_5
Swamp:2:  layout_basic_swamp, nicolae_swamp_godswood
Swamp:3:  layout_basic_swamp, evilmike_swamp_ruin_house_3
Swamp:4:  swamp_alternative, layout_basic_swamp
Spider:1: layout_spider_delve, drop_trap
Spider:2: gammafunk_boulding_lane, hangedman_spider_trapstep
Spider:3: layout_spider_delve, portal_ice_cave_entry_dragon,
          gammafunk_ghost_split, nicolae_spider_paper_wasps
Spider:4: floodkiller_spider_rune_tomb, einodemon_crawler_minivault
Slime:1:  layout_caves
Slime:2:  layout_caves, cheibrodos_slime_lost_civilization_7
Slime:3:  layout_caves, basic_altar
Slime:4:  layout_caves, special_room [special_room_jelly]
Slime:5:  slime_pit_nicolae_amoeboid
Orc:1:    minmay_goldmine, layout_caves, nicolae_orc_quarried_blocks
Orc:2:    st_orc_rangers, layout_caves
Elf:1:    minmay_elf_arrival_plus, layout_geoelf_diagonals, serial_shops,
          nicolae_shop_rolling_square, shop, shop, nicolae_shop_drivethru,
          nicolae_shop_overgrown_old_shop, minmay_elf_annihilation, st_stairs_11
Elf:2:    nicolae_elf_blades_splatter_lattice [nicolae_blade_little_rooms],
          layout_rooms, nicolae_nh_oracle_at_delphi, uniq_aizul
Elf:3:    minmay_elf_hall_not_hex, layout_geoelf_octagon, serial_sigils,
          serial_sigils_hangedman_carve, serial_sigils_hangedman_gut,
          serial_sigils_hangedman_writhe, serial_sigils_hangedman_snap,
          serial_shops, nicolae_shop_gaudy_bauble, minivault_14
Vaults:1: nicolae_vaults_diagonal_hallway_6, nicolae_vaults_network_quincunx
          [nicolae_vaults_network_quincunx_subvault,
          nicolae_vaults_network_quincunx_subvault,
          nicolae_vaults_network_quincunx_subvault,
          nicolae_vaults_network_quincunx_subvault,
          nicolae_vaults_network_quincunx_subvault], vaults_room_hallway,
          nicolae_vaults_tetromino_L_2, grunt_vaults_focal,
          nicolae_vaults_heart-shaped_vault, v_misc_23,
          nicolae_vaults_variable_pillar_hall_cross,
          nicolae_vaults_closet_pinwheel_5, nicolae_vaults_lightning_bolt,
          nicolae_vaults_closet_pinwheel_2, nicolae_vaults_display_case,
          nicolae_vaults_little_squares_6, grunt_vaults_hallway_short,
          layout_vaults_omnibox, serial_shops, nicolae_shop_just_a_little_nook,
          enter_trove_1
Vaults:2: nicolae_vaults_fighting_squares, ontoclasm_vaults_eye, v_misc_26,
          grunt_vaults_twisty, nicolae_vaults_more_shelving_1,
          vaults_room_stairs_pillars, vaults_dpeg_ring, ontoclasm_vaults_twist,
          nicolae_vaults_six-pack, nicolae_vaults_closet_pinwheel_1,
          layout_vaults_omnigrid, serial_shops, nicolae_shop_advertising_works
          [nicolae_subvault_shop_adworks], uniq_saint_roka
Vaults:3: nicolae_vaults_network_s, hangedman_vaults_unwind,
          hangedman_vaults_hat, nicolae_vaults_closet_pinwheel_2,
          minmay_crypt_entry_simple_box, v_misc_22,
          nicolae_vaults_three_branches, v_misc_8, nicolae_vaults_tetromino_L_2,
          nicolae_vaults_surprise_closet, layout_vaults_chaotic_city, uniq_mara
Vaults:4: nicolae_vaults_offset_grid_hallway_4, hangedman_vaults_capsules,
          nicolae_vaults_border_crossing, v_misc_27, v_pattern_2,
          nicolae_vaults_trapezoid_lopsided_2, nicolae_vaults_what_the_h,
          ontoclasm_vaults_spin, ontoclasm_vaults_idyll, v_alt_pattern_1,
          nicolae_vaults_stand_back, nicolae_vaults_little_squares_2,
          layout_vaults_omnicross
Vaults:5: serial_shops
Crypt:1:  layout_misc_corridors, grunt_crypt_arrival_guarded_gate, uniq_boris
Crypt:2:  layout_basic, grunt_megastairs_1
Crypt:3:  church_of_pain_bobbens, layout_chaotic_city,
          tomb_entry_sphere_bobbens, lemuel_mausoleum_altar_kikubaaqudgha
Depths:1: layout_basic, enter_ziggurat_b, chequers_serial_rivers_micro_a,
          hell_entry, nicolae_abyss_entry_one_way_or_another, lightli_minifort,
          roderic_lattice_octagonal_star, uniq_bai_suzhen
Depths:2: minmay_central_circle, layout_gridlike,
          hangedman_abyss_or_decor_passed, abyss_entry, hell_entry,
          grunt_pan_entry_in_and_out, uniq_norris
Depths:3: hellmonk_hyper_hexagons [hex_subvault_four_corners,
          hex_subvault_double_channel, hex_subvault_rings, hex_subvault_octagon,
          hex_subvault_roundabout, hex_subvault_bell,
          hex_subvault_ellipse_pattern], hell_entry, abyss_entry, serial_shops
Depths:4: grunt_zot_entry_hairpin, layout_gridlike, hellmouth_1,
          minmay_stone_trees_medium, lemuel_blue_sif_altar, minmay_shop_grove
Zot:1:    layout_basic
Zot:2:    layout_cathedral_of_symmetry, hangedman_zot_diagonal_lockstep,
          uniq_parghit
Zot:3:    cheibrodos_zot_enchanting_chambers, layout_cellular_growth,
          grunt_megastairs_4
Zot:4:    layout_concentric_octagons
Zot:5:    layout_cellular_growth, gammafunk_ghost_split

Skill      XL: |  1  2  3  4  5  6  7  8  9 10 11 12 13 14 15 16 17 18 19 20 21 22 23 24 25 26 27 |
---------------+----------------------------------------------------------------------------------+-----
Armour         | 4 5 6 8 9 10 12 13 14 15 16 17 18 19 20 21 22 23 24 25 26 27 | 27.0
Fighting       | 4 5 6 7 9 10 11 13 14 15 16 17 18 19 20 22 24 25 26 27 | 27.0
Shields        | 4 5 6 7 9 10 11 13 14 15 16 17 18 19 20 21 22 23 24 25 26 27 | 27.0
Axes           | 3 4 5 6 7 9 10 11 12 14 15 16 17 18 19 21 23 24 25 26 27 | 27.0
Dodging        | 2 7 10 12 14 15 16 17 18 19 20 21 22 23 24 26 | 26.0
Evocations     | 3 5 7 8 |  8.8
Stealth        | 3 8 11 13 15 | 15.2

Action                     |  1- 3 |  4- 6 |  7- 9 | 10-12 | 13-15 | 16-18 | 19-21 | 22-24 | 25-27 || total
---------------------------+-------+-------+-------+-------+-------+-------+-------+-------+-------++-------
  Melee: War axe           |    55 |    70 |   124 |   326 |   416 |   230 |   146 |    74 |       ||  1441
         Headbutt          |    10 |    17 |    25 |    72 |   162 |   220 |   272 |   267 |   303 ||  1348
         Whip              |       |    39 |    76 |     6 |     8 |       |     9 |       |       ||   138
         Broad axe         |       |       |       |       |   274 |   806 |   951 |   827 |  1020 ||  3878
 Invoke: Trog's Hand       |       |       |       |     2 |     2 |       |     1 |     1 |     6 ||    12
         Brothers in Arms  |       |       |       |       |       |       |       |       |     7 ||     7
  Evoke: Wand              |       |       |    10 |       |       |       |       |       |     1 ||    11
    Use: Scroll            |       |       |     9 |    10 |     4 |    11 |     6 |     2 |    10 ||    52
         Potion            |       |       |     2 |     1 |     1 |     6 |     3 |     1 |    11 ||    25
   Stab: Petrified         |       |       |       |       |     2 |       |       |       |       ||     2
         Held in net/web   |       |       |       |       |       |     1 |       |       |       ||     1
         Distracted        |       |       |       |       |       |       |     1 |     1 |       ||     2
         Confused          |       |       |       |       |       |       |       |     3 |       ||     3
         Paralysed         |       |       |       |       |       |       |       |     1 |       ||     1
 Armour: Scale mail        |     6 |       |       |       |       |       |       |       |       ||     6
         Chain mail        |    36 |    57 |   118 |       |       |       |       |       |       ||   211
         Plate armour      |       |       |    34 |   386 |   513 |   406 |   359 |   360 |   404 ||  2462
  Dodge: Dodged            |    58 |    60 |   125 |   161 |   579 |   600 |   655 |   610 |   674 ||  3522
  Block: Buckler           |    19 |    19 |    40 |       |       |       |       |       |       ||    78
         Kite shield       |       |       |    36 |   299 |   506 |       |       |       |       ||   841
         Tower shield      |       |       |       |       |   399 |  1361 |  1517 |  1596 |  1765 ||  6638

Table legend: (Time is in decaauts)
 A = Elapsed time spent in this place.
 B = Non-inter-level travel time spent in this place.
 C = Inter-level travel time spent in this place.
 D = Time resting spent in this place.
 E = Time spent auto-exploring this place.
 F = Levels seen in this place.
 G = Mean time per level.
                   A        B        C        D        E       F      G
               +--------+--------+--------+--------+--------+-----+--------+
         Total |  78584 |  62761 |  15823 |      0 |  29284 |  62 | 1267.5 |
       Dungeon |  18070 |  14033 |   4037 |      0 |   8746 |  15 | 1204.7 |
        Temple |     84 |      4 |     80 |      0 |      0 |   1 |   84.0 |
          Lair |   6695 |   5668 |   1027 |      0 |   3353 |   5 | 1339.0 |
         Swamp |   3166 |   2697 |    469 |      0 |   1432 |   4 |  791.5 |
   Spider Nest |   4958 |   4172 |    786 |      0 |   1164 |   4 | 1239.5 |
    Slime Pits |   1794 |   1539 |    255 |      0 |    897 |   5 |  358.8 |
  Orcish Mines |   2619 |   1817 |    802 |      0 |    830 |   2 | 1309.5 |
   Elven Halls |   7798 |   5571 |   2227 |      0 |   1067 |   3 | 2599.3 |
        Vaults |   9626 |   7792 |   1834 |      0 |   3996 |   5 | 1925.2 |
         Crypt |   4308 |   3727 |    581 |      0 |   1857 |   3 | 1436.0 |
        Depths |   8697 |   5936 |   2761 |      0 |   2919 |   4 | 2174.2 |
           Zot |   8453 |   7494 |    959 |      0 |   2934 |   5 | 1690.6 |
         Abyss |    690 |    690 |      0 |      0 |      6 |   3 |  230.0 |
         Trove |    143 |    143 |      0 |      0 |      0 |   1 |  143.0 |
        Bailey |    841 |    841 |      0 |      0 |     61 |   1 |  841.0 |
      Ice Cave |    635 |    635 |      0 |      0 |     21 |   1 |  635.0 |
               +--------+--------+--------+--------+--------+-----+--------+

Top non-repeatable levels by time:
   Elf:2: 3649 daAuts
Depths:4: 2474 daAuts
Vaults:4: 2413 daAuts
    D:11: 2297 daAuts
   Elf:3: 2199 daAuts
   Zot:1: 2173 daAuts
Depths:2: 2103 daAuts
Depths:1: 2068 daAuts
Depths:3: 2051 daAuts
Vaults:3: 2049 daAuts
Vaults:1: 1992 daAuts
   Zot:2: 1983 daAuts
   Elf:1: 1948 daAuts
   Zot:3: 1923 daAuts
  Lair:2: 1859 daAuts
